 Dungeon Crawl Stone Soup version 0.21.1-1-g345015f (webtiles) character file.

98 Kairos the Shield-Bearer (level 5, -1/41 HPs)
             Began as a Human Fighter on Apr 2, 2018.
             Slain by Crazy Yiuf
             ... wielding a +4 quarterstaff of chaos
              (12 damage)
             ... while paralysed by Crazy Yiuf
             ... on level 2 of the Dungeon.
             The game lasted 00:01:51 (1321 turns).

Kairos the Shield-Bearer (Human Fighter)            Turns: 1321, Time: 00:01:52

Health: -1/41      AC:  8    Str: 16    XL:     5   Next: 0%
Magic:  5/5        EV:  2    Int:  8    God:
Gold:   132        SH:  0    Dex: 14    Spells: 4/4 levels left

rFire    . . .     SeeInvis .   a - +0 war axe
rCold    . . .     Gourm    .   c - +0 shield
rNeg     . . .     Faith    .   b - +0 scale mail
rPois    +         Spirit   .   s - +0 helmet
rElec    .         Reflect  .   (no cloak)
rCorr    .         Harm     .   (no gloves)
MR       .....                  (no boots)
Stlth    ..........             h - amulet of regeneration
HPRegen  0.53/turn              k - ring of poison resistance
MPRegen  0.09/turn              (no ring)

@: paralysed
A: no striking features
a: no special abilities


You were on level 2 of the Dungeon.
You were hungry.

You visited 1 branch of the dungeon, and saw 2 of its levels.

You collected 132 gold pieces.

Inventory:

Hand Weapons
 a - a +0 war axe (weapon)
Armour
 b - a +0 scale mail (worn)
 c - a +0 shield (worn)
 s - a +0 helmet (worn)
Jewellery
 h - an amulet of regeneration (around neck)
 k - a ring of poison resistance (left hand)
Scrolls
 e - a scroll of fear {unknown}
 g - a scroll of teleportation {unknown}
 i - 2 scrolls of immolation {unknown}
 j - a scroll of enchant armour {unknown}
 n - a scroll of identify {unknown}
 o - 2 scrolls of remove curse {unknown}
 p - a scroll of enchant weapon {unknown}
 r - a scroll of fog {unknown}
Potions
 d - a potion of might
 l - 2 potions of invisibility {unknown}
 m - a potion of curing {unknown}
 q - a potion of degeneration {unknown}
Comestibles
 f - 8 rations


   Skills:
 + Level 3.4 Fighting
 + Level 3.1 Axes
 + Level 3.5 Armour
 + Level 0.4 Dodging
 + Level 3.7 Shields


You had 4 spell levels left.
You didn't know any spells.

Dungeon Overview and Level Annotations

Branches:
Dungeon (2/15)

Altars:

Annotations:
D:2 Crazy Yiuf


Message History

Crazy Yiuf is moderately wounded.
You block Crazy Yiuf's attack.
You closely miss Crazy Yiuf.
Crazy Yiuf is moderately wounded.
Crazy Yiuf hits you with a quarterstaff of chaos.
You barely miss Crazy Yiuf.
Crazy Yiuf is moderately wounded.
Crazy Yiuf hits you with a quarterstaff of chaos.
You suddenly lose the ability to move!
Crazy Yiuf sings, "Trees, trees, trees, circus!"
Crazy Yiuf hits you with a quarterstaff of chaos!
Crazy Yiuf burns you.
Crazy Yiuf says, "Hah song Orb Guardian!"
Crazy Yiuf hits you with a quarterstaff of chaos!
* * * LOW HITPOINT WARNING * * *
Crazy Yiuf freezes you.
* * * LOW HITPOINT WARNING * * *
Crazy Yiuf laughs, "Action testudinal mobile!"
Crazy Yiuf hits you with a quarterstaff of chaos!
You die...

#..........#
#.#####
#..........# #.#
#..........# #.#
############ #.#
#.# #.# ####
♣♣###.# #)))#♣♣
♣♣))#).#
#.)g@)♣♣♣♣)))...#
#)))#♣))♣)))).)##
#### ♣♣♣)♣)))###
♣♣♣♣♣##


You could see Crazy Yiuf.

Vanquished Creatures
  A worker ant (D:2)
  An adder (D:2)
  An ooze (D:1)
  2 dart slugs (D:1)
  5 leopard geckos
  3 giant cockroaches
  7 goblins
  4 hobgoblins
  A quokka (D:2)
  9 bats
  3 frilled lizards
  8 kobolds
  7 rats
52 creatures vanquished.

Notes
Turn   | Place    | Note
-------+----------+-------------------------------------------
     0 | D:1      | Kairos the Human Fighter began the quest for the Orb.
     0 | D:1      | Reached XP level 1. HP: 18/18 MP: 1/1
    48 | D:1      | Reached XP level 2. HP: 16/24 MP: 2/2
   228 | D:1      | Reached XP level 3. HP: 28/29 MP: 3/3
   901 | D:2      | Reached XP level 4. HP: 32/35 MP: 4/4
  1220 | D:2      | Reached XP level 5. HP: 36/41 MP: 5/5
  1311 | D:2      | Found a runed door.
  1315 | D:2      | Noticed Crazy Yiuf
  1319 | D:2      | Paralysed by Crazy Yiuf for 7 turns
  1321 | D:2      | Slain by Crazy Yiuf

Skill      XL: |  1  2  3  4 |
---------------+-------------+-----
Axes           | 3 |  3.1
Fighting       | |  3.4
Armour         | |  3.5
Dodging        | |  0.4
Shields        | |  3.7

Action                   |  1- 3 |  4- 6 || total
-------------------------+-------+-------++-------
Melee: War axe           |   131 |    56 ||   187
  Eat: Chunk             |       |     1 ||     1
Armor: Scale mail        |    90 |    23 ||   113
Dodge: Dodged            |    52 |    24 ||    76
Block: Shield            |    73 |    39 ||   112
